 Dungeon Crawl Stone Soup version 0.14.1 (webtiles) character file.

260 Heini the Covered (level 4, -15/42 HPs)
             Began as a Deep Dwarf Fighter on Apr 28, 2014.
             Demolished by an ogre
             ... wielding a +0,+0 giant club
              (18 damage)
             ... on Level 4 of the Dungeon.
             The game lasted 00:06:14 (1301 turns).

Heini the Covered (Deep Dwarf Fighter)              Turns: 1301, Time: 00:06:14

HP -15/42        AC  7     Str 21      XL: 4   Next: 91%
MP   4/4         EV  6     Int  8      God:
Gold 129         SH 19     Dex 12      Spells:  0 memorised,  3 levels left

rFire  . . .     SeeInvis .     a - +0 war axe
rCold  . . .     Clarity  .     b - +0 scale mail
rNeg   . . .     Conserve .     c - +0 shield
rPois  .         rCorr    .     (no helmet)
rElec  .         rRot     .     (no cloak)
SustAb . .       Spirit   .     (no gloves)
rMut   .         Warding  .     (no boots)
Saprov . . .     Stasis   .     (no amulet)
MR     .....                    (no ring)
                                (no ring)

@: non-regenerating, not resistant to hostile enchantments, extremely unstealthy
A: damage resistance, recharge devices, sense surroundings 1, slow healing 3
a: Device Recharging


You were on level 4 of the Dungeon.
You were not hungry.

You visited 1 branch of the dungeon, and saw 4 of its levels.

You collected 129 gold pieces.

Inventory:

Hand weapons
 a - a +0,+0 war axe (weapon)
Armour
 b - a +0 scale mail (worn)
 c - a +0 shield (worn)
Magical devices
 d - a wand of heal wounds (6)
Comestibles
 f - 2 bread rations
 i - a choko
 q - a rotting chunk of quokka flesh
 r - a rotting chunk of bat flesh
 s - a meat ration
Scrolls
 h - 2 scrolls of identify
 l - a scroll of recharging
 n - 2 scrolls of remove curse
 p - 2 scrolls of enchant weapon I {unknown}
 t - a scroll of enchant armour {unknown}
Jewellery
 k - a +2 ring of protection {unknown}
Potions
 e - a potion of might
 g - a potion of haste
 j - a potion of lignification
 m - a potion of curing
 o - a potion of magic {unknown}
 u - a potion of paralysis {unknown}


   Skills:
 * Level 3.5 Fighting
 * Level 3.1 Axes
 * Level 4.3 Armour
 + Level 1.9 Dodging
 - Level 3.5 Shields


You had 3 spell levels left.
You didn't know any spells.

Dungeon Overview and Level Annotations

Branches:
Dungeon (4/15)
 Temple: D:4-7

Altars:

Annotations:
D:3 Grinder


Innate Abilities, Weirdness & Mutations

You are resistant to damage.
You can recharge devices by infusing magical energy.
You passively map a small area around you.
You do not heal naturally.


Message History

An ogre comes into view. It is wielding a giant club.
The ogre shouts!
The ogre hits you but does no damage.
You hit the ogre.
The ogre is lightly wounded.
You block the ogre's attack.
You slash the ogre!
The ogre is moderately wounded.
The ogre barely misses you.
You slash the ogre!
The ogre is almost dead.
You block the ogre's attack.
Your shield prevents you from hitting the ogre.
The ogre is almost dead.
The ogre hits you with a giant club!
* * * LOW HITPOINT WARNING * * *
Your shield and scale mail prevent you from hitting the ogre.
The ogre is almost dead.
The ogre hits you with a giant club!
You die...

#............#
#.##########.## #####.#
##...## * .#####...#.#
####.....#
#.......#.#(#####.........
, ##.........(....##.....#
*
.##........?............##
.........##.########.....
, ........O@#.# #...### *
#........#.# #...#
##.....#.#.# #...#
##...##.#.# #...# ##.#
#.#.. , ,,.* #. #.###* #.
#.. , , ### * *


You could see an ogre.

Vanquished Creatures
  Natasha (D:3)
  A gnoll (D:1)
  3 adders
  A giant mite (D:2)
  2 ball pythons
  4 giant cockroaches
  6 goblins
  10 hobgoblins
  A quokka (D:2)
  6 bats
  2 giant newts
  12 jackals
  6 kobolds
  7 rats
62 creatures vanquished.

Notes
Turn   | Place    | Note
--------------------------------------------------------------
     0 | D:1      | Heini, the Deep Dwarf Fighter, began the quest for the Orb.
     0 | D:1      | Reached XP level 1. HP: 20/20 MP: 1/1
    20 | D:1      | Reached XP level 2. HP: 27/27 MP: 2/2
   127 | D:1      | Reached XP level 3. HP: 25/34 MP: 3/3
   559 | D:2      | Reached skill level 4 in Armour
   670 | D:2      | Reached skill level 1 in Dodging
   670 | D:2      | Reached XP level 4. HP: 19/42 MP: 4/4
  1165 | D:3      | Noticed Natasha
  1167 | D:3      | Noticed Grinder
  1180 | D:3      | Killed Natasha
  1187 | D:3      | HP: 2/42 [Grinder (3)]
  1293 | D:4      | Noticed an ogre
  1301 | D:4      | Demolished by an ogre

Action                   |  1- 3 |  4- 6 || total
-------------------------+-------+-------++-------
Melee: War axe           |   127 |    93 ||   220
Evoke: Wand              |       |     3 ||     3
  Use: Scroll            |     4 |     2 ||     6
